 Dungeon Sprint DCSS version bcrawl-1.20.1-3-gdcb1fc31ed (webtiles) character file.

Game seed: 8222224594599825405

261 Freyura the Schismatic (level 5, -4/46 HPs)
             Began as a Demonspawn Abyssal Knight on Jan 31, 2020.
             Was an Elder of Lugonu.
             Slain by a bullfrog (5 damage)
             ... in the Dungeon (Sprint IX: "|||||||||||||||||||||||||||||").
             The game lasted 00:03:21 (692 turns).

Freyura the Schismatic (Demonspawn Abyssal Knight)   Turns: 692, Time: 00:03:21

Health: -4/46      AC: 10    Str: 15    XL:     5   Next: 96%
Magic:  10/10      EV: 11    Int: 14    God:    Lugonu [****..]
Gold:   0          SH:  0    Dex: 13    Spells: 4/4 levels left

rFire    . . .     SeeInvis .   p - +2 dire flail (crush)
rCold    . . .     Gourm    .   (shield currently unavailable)
rNeg     . . .     Faith    .   s - +1 scale mail
rPois    .         Spirit   .   q - +0 helmet
rElec    .         Reflect  .   (no cloak)
rCorr    .         Harm     .   r - +0 pair of gloves
MR       .....     NoTele   +   (no boots)
Stlth    +.........             (no amulet)
HPRegen  0.15/turn              t - +3 ring of strength
MPRegen  0.12/turn              (no ring)

@: hasted, very quick
A: nightstalker 1, rot immunity
a: Bend Space, Banish, Corrupt, Renounce Religion


You were in the Dungeon.
You worshipped Lugonu.
Lugonu was greatly pleased with you.
You were not hungry.

You visited 1 branch

Inventory:

Hand Weapons
 p - a +2 dire flail of crushing (weapon)
Missiles
 c - 10 tomahawks of dispersal (quivered)
 d - 40 stones
Armour
 q - a +0 helmet (worn)
 r - a +0 pair of gloves (worn)
 s - a +1 scale mail (worn)
Jewellery
 t - a +3 ring of strength (left hand)
Wands
 n - a wand of iceblast (10)
Scrolls
 k - 2 scrolls of blinking
 l - 3 scrolls of remove curse
 m - 2 scrolls of amnesia
Potions
 f - 5 potions of curing
 g - 3 potions of heal wounds
 i - 4 potions of magic
 j - a potion of invisibility
Comestibles
 e - a ration {!d}


   Skills:
 + Level 5.8 Fighting
 * Level 6.8 Maces & Flails
 - Level 0.8 Throwing
 + Level 4.8 Armour
 + Level 4.5 Dodging
 + Level 7.1 Invocations


You had 4 spell levels left.
You didn't know any spells.
Your spell library was empty.

Dungeon Overview and Level Annotations

Branches:
Dungeon (1/1)

Altars:
Cheibriados
Dithmenos
Elyvilon
Fedhas
Gozag
Hepliaklqana
Kikubaaqudgha
Lugonu
Makhleb
Nemelex Xobeh
Okawaru
Qazlal
Ru
Sif Muna
Trog
Uskayaw
Vehumet
Wu Jian
Xom
Yredelemnul
Zin
The Shining One
Beogh
Jiyva


Innate Abilities, Weirdness & Mutations

You are slightly more attuned to the shadows.
You are immune to rotting.


Message History

You are too injured to fight recklessly!
You are too injured to fight recklessly!
You are too injured to fight recklessly!
You are too injured to fight recklessly!
You are too injured to fight recklessly!
You closely miss the bullfrog.
The bullfrog is severely wounded.
The bullfrog hits you!
You closely miss the bullfrog.
The bullfrog is severely wounded.
The bullfrog hits you.
* * * LOW HITPOINT WARNING * * *
You closely miss the bullfrog.
The bullfrog is severely wounded.
The bullfrog hits you!
* * * LOW HITPOINT WARNING * * *
You miss the bullfrog.
The bullfrog is severely wounded.
The bullfrog hits you.
You die... ▓▓▓▓▓▓▓▓▓▓▓▓▓▓▓▓▓▓▓▓▓▓▓ +..aaF@(=....)|..'_____ ▓▓▓▓▓▓▓▓▓▓▓▓▓▓▓▓▓▓▓▓▓▓▓

You could see a bullfrog and 2 worker ants.

Vanquished Creatures
  An ogre (D)
  A howler monkey (D)
  A crimson imp (D)
  3 hounds (D)
  A shadow imp (D)
  A dart slug (D)
  A leopard gecko (D)
  An orc (D)
  A ball python (D)
  2 kobolds (D)
13 creatures vanquished.

Notes
Turn   | Place    | Note
-------+----------+-------------------------------------------
     0 | D        | Freyura the Demonspawn Abyssal Knight began the quest for
                  | the Orb.
     0 | D        | Reached XP level 1. HP: 18/18 MP: 2/2
     7 | D        | Reached skill level 1 in Dodging
     7 | D        | Reached skill level 3 in Invocations
    11 | D        | Reached ** piety under Lugonu
   284 | D        | Noticed a hound
   284 | D        | Noticed an ogre
   284 | D        | Noticed a howler monkey
   284 | D        | Noticed a hound
   286 | D        | Killed a hound
   286 | D        | Reached *** piety under Lugonu
   286 | D        | Reached skill level 4 in Invocations
   286 | D        | Gained mutation: You are slightly more attuned to the
                  | shadows. [demonic ancestry]
   286 | D        | Reached XP level 2. HP: 25/25 MP: 5/5
   286 | D        | Reached XP level 3. HP: 30/30 MP: 6/6
   289 | D        | Reached skill level 5 in Invocations
   289 | D        | Reached XP level 4. HP: 38/38 MP: 7/7
   293 | D        | Killed an ogre
   293 | D        | Reached skill level 5 in Fighting
   293 | D        | Reached skill level 5 in Maces & Flails
   293 | D        | Reached skill level 6 in Invocations
   293 | D        | Gained mutation: You are immune to rotting. [demonic
                  | ancestry]
   293 | D        | Reached XP level 5. HP: 35/44 MP: 7/9
   309 | D        | Reached **** piety under Lugonu
   584 | D        | Found a roughly hewn altar of Beogh.
   584 | D        | Found a snail-covered altar of Cheibriados.
   584 | D        | Found a shadowy altar of Dithmenos.
   584 | D        | Found a white marble altar of Elyvilon.
   584 | D        | Found a blossoming altar of Fedhas.
   585 | D        | Found an opulent altar of Gozag.
   586 | D        | Found a hazy altar of Hepliaklqana.
   587 | D        | Found a viscous altar of Jiyva.
   588 | D        | Found an ancient bone altar of Kikubaaqudgha.
   589 | D        | Found a corrupted altar of Lugonu.
   590 | D        | Found a burning altar of Makhleb.
   591 | D        | Found a sparkling altar of Nemelex Xobeh.
   592 | D        | Found an iron altar of Okawaru.
   593 | D        | Found a stormy altar of Qazlal.
   594 | D        | Found a sacrificial altar of Ru.
   595 | D        | Found a shimmering blue altar of Sif Muna.
   596 | D        | Found a bloodstained altar of Trog.
   597 | D        | Found a hide-covered altar of Uskayaw.
   598 | D        | Found a radiant altar of Vehumet.
   599 | D        | Found an ornate altar of the Wu Jian Council.
   600 | D        | Found a shimmering altar of Xom.
   601 | D        | Found a basalt altar of Yredelemnul.
   602 | D        | Found a glowing silver altar of Zin.
   603 | D        | Found a glowing golden altar of the Shining One.
   619 | D        | Got the +2 rapier of Amortisation {drain, Str+2 Dex+4}
   682 | D        | Reached skill level 7 in Invocations
   683 | D        | Received a gift from Lugonu
   691 | D        | HP: 1/46 [bullfrog (9)]
   692 | D        | Slain by a bullfrog

Skill      XL: |  1  2  3  4  5 |
---------------+----------------+-----
Maces & Flails | 3 4 5 6 |  6.8
Armour         | 2 3 4 |  4.8
Dodging        | 2 3 4 |  4.5
Invocations    | 4 5 6 7 |  7.1
Fighting       | 4 5 |  5.8
Throwing       | |  0.8

Action                   |  1- 3 |  4- 6 || total
-------------------------+-------+-------++-------
Melee: Mace              |    22 |    16 ||    38
       Dire flail        |       |    26 ||    26
  Use: Potion            |     1 |     1 ||     2
Armor: Leather armour    |     2 |     3 ||     5
       Scale mail        |       |     6 ||     6
Dodge: Dodged            |     8 |    23 ||    31
